 Dungeon Crawl Stone Soup version 0.23.2-1-ga50397a (webtiles) character file.

Game seed: 17135649025966309591

269 MalarOregon the Magician (level 6, -4/42 HPs)
             Began as a Merfolk Wizard on May 25, 2019.
             Was an Initiate of Dithmenos.
             Slain by a gnoll
             ... wielding a +0 halberd
              (12 damage)
             ... on level 4 of the Dungeon.
             The game lasted 00:11:05 (4858 turns).

MalarOregon the Magician (Merfolk Wizard)           Turns: 4858, Time: 00:11:06

Health: -4/42      AC:  2    Str:  7    XL:     6   Next: 22%
Magic:  6/12       EV: 13    Int: 20    God:    Dithmenos [......]
Gold:   135        SH:  0    Dex: 12    Spells: 5/13 levels left

rFire    . . .     SeeInvis .   d - +0 dagger
rCold    . . .     Gourm    .   (no shield)
rNeg     . . .     Faith    .   j - +0 robe (curse)
rPois    .         Spirit   .   b - +0 hat
rElec    .         Reflect  .   (no cloak)
rCorr    .         Harm     .   (no gloves)
MR       .....     Rnd*Tele +   (no boots)
Stlth    ++........             (no amulet)
HPRegen  0.14/turn              m - ring of teleportation (curse)
MPRegen  0.13/turn              (no ring)

@: no status effects
A: change form in water, swift swim, stealthy swim
a: Renounce Religion


You were on level 4 of the Dungeon.
You worshipped Dithmenos.
Dithmenos was noncommittal.
You were hungry.

You visited 1 branch of the dungeon, and saw 4 of its levels.

You collected 135 gold pieces.

Inventory:

Hand Weapons
 d - a +0 dagger (weapon)
   (You took it off a kobold on level 2 of the Dungeon)
Missiles
 n - 2 throwing nets (quivered) {!f}
Armour
 b - a +0 hat (worn)
 j - a cursed +0 robe (worn)
   (You found it on level 3 of the Dungeon)
Jewellery
 m - a cursed ring of teleportation (left hand)
   (You found it on level 3 of the Dungeon)
Scrolls
 a - a scroll of identify {@r1}
 c - 2 scrolls of noise {!r}
 h - a scroll of magic mapping
Potions
 f - 2 potions of brilliance
 g - a potion of mutation {unknown}
 k - 3 potions of heal wounds {@q2}
 l - a potion of flight {unknown}
 o - a potion of curing {@q1}
Comestibles
 e - 7 rations {!d}
 i - 6 chunks of flesh


   Skills:
 + Level 0.7 Fighting
 - Level 3.0 Dodging
 + Level 3.8 Stealth
 * Level 4.2 Spellcasting
 + Level 2.2 Conjurations
 + Level 2.3 Summonings
 - Level 1.0 Translocations
 + Level 0.4 Air Magic
 + Level 0.7 Poison Magic
 + Level 0.7 Invocations


You had 5 spell levels left.
You knew the following spells:

 Your Spells              Type           Power        Failure   Level  Hunger
a - Magic Dart            Conj           ##..         4%          1    None
b - Blink                 Tloc           N/A          12%         2    #......
f - Mephitic Cloud        Conj/Pois/Air  #.......     24%         3    ###....
x - Call Imp              Summ           ##......     8%          2    #......

Your spell library contained the following spells:

 Spells                   Type           Power        Failure   Level  Hunger
 Summon Small Mammal      Summ           ##..         4%          1    None
 Apportation              Tloc           #.....       9%          1    None
 Animate Skeleton         Necr           N/A          13%         1    None
 Confusing Touch          Hex            #.....       13%         1    None
 Slow                     Hex            #.......     19%         2    #......
 Conjure Flame            Conj/Fire      #.......     24%         3    ###....


Dungeon Overview and Level Annotations

Branches:
Dungeon (4/15)
 Temple: D:4-7

Altars:
Dithmenos
Elyvilon
Fedhas
Ru
Uskayaw
Wu Jian


Message History

The hound writhes in agony.
You barely miss the hound. The hound bites you.
Your shadow imp misses the hound.
You closely miss the hound. The hound closely misses you. The hound misses you.
Your shadow imp barely misses the hound.
You hit the hound. The hound bites you.
Your shadow imp hits the hound.
You hit the hound.
You kill the hound!
Dithmenos accepts your kill.
You hit the gnoll but do no damage. The gnoll barely misses you.
Your shadow imp hits the gnoll.
You barely miss the gnoll. The gnoll barely misses you.
The gnoll barely misses your shadow imp.
Your shadow imp closely misses the gnoll.
You hit the gnoll. The gnoll barely misses you.
The gnoll hits you with a +0 flail.
Your shadow imp completely misses the gnoll.
You hit the gnoll but do no damage. The gnoll closely misses you.
The gnoll hits your shadow imp with a +0 flail.
Your shadow imp hits the gnoll.
You hit the gnoll.
The gnoll hits you from afar with a +0 halberd!
* * * LOW HITPOINT WARNING * * *
Your shadow imp hits the gnoll.
You hit the gnoll but do no damage. The gnoll barely misses you.
The gnoll completely misses you.
Your shadow imp hits the gnoll.
The gnoll dies!
Dithmenos accepts your kill.
A beastly little devil appears in a puff of flame.
You swap places.
The gnoll throws a throwing net.
The throwing net barely misses your crimson imp.
The throwing net misses you.
The gnoll throws a throwing net.
The throwing net completely misses your shadow imp.
The throwing net closely misses your crimson imp.
The throwing net hits you.
You become entangled in the net!
You struggle against the net.
The gnoll hits your crimson imp but does no damage.
You struggle against the net.
The gnoll hits your crimson imp with a +0 halberd!
Your crimson imp blinks!
You struggle against the net.
Your shadow imp disappears in a puff of smoke!
You struggle against the net.
The gnoll hits you from afar with a +0 halberd!
* * * LOW HITPOINT WARNING * * *
Your crimson imp blinks!
You rip the net and break free!
The gnoll hits you from afar with a +0 halberd!
You die...

###..#.##..>........
#......##...########
#...######..#
#[#..(......#
#.#.######### #.#.#
#.#(###########
#.#...........#
#.#@##...÷....#
##..........#
#g########## #g# #.#
... ..§ ..... .....


You could see 2 gnolls.

Vanquished Creatures
  An ogre (D:3)
  2 hounds (D:4)
  A hound skeleton (D:4)
  3 adders
  A dart slug (D:1)
  A leopard gecko (D:3)
  4 orcs
  7 bats
  6 giant cockroaches
  6 goblins
  7 hobgoblins
  5 jackals
  A quokka (D:2)
  2 ball pythons
  4 frilled lizards
  6 kobolds
  5 rats
62 creatures vanquished.

Vanquished Creatures (collateral kills)
  A hound (D:4)
  Terence (D:2)
  2 gnolls
  2 worms
  A bat (D:2)
  2 jackals (D:2)
  A frilled lizard (D:2)
  A goblin (D:2)
11 creatures vanquished.

Grand Total: 73 creatures vanquished

Notes
Turn   | Place    | Note
-------+----------+-------------------------------------------
     0 | D:1      | MalarOregon the Merfolk Wizard began the quest for the Orb.
     0 | D:1      | Reached XP level 1. HP: 13/13 MP: 4/4
   544 | D:1      | Reached skill level 1 in Conjurations
   549 | D:1      | Reached XP level 2. HP: 10/19 MP: 0/6
   699 | D:1      | Learned a level 2 spell: Call Imp
  1101 | D:2      | Noticed Terence
  1176 | D:2      | Reached XP level 3. HP: 24/24 MP: 4/7
  1208 | D:2      | Learned a level 2 spell: Blink
  1212 | D:2      | Learned a level 3 spell: Mephitic Cloud
  1253 | D:2      | Killed Terence
  2030 | D:2      | Found a faded altar of an unknown god.
  2030 | D:2      | Found a sacrificial altar of Ru.
  2035 | D:2      | Found a faded altar of an unknown god.
  2037 | D:2      | Found a blossoming altar of Fedhas.
  2039 | D:2      | Found an ornate altar of the Wu Jian Council.
  2389 | D:2      | Reached XP level 4. HP: 16/30 MP: 3/9
  2710 | D:2      | Noticed a +0 dagger
  2711 | D:2      | Noticed a +0 dagger
  2712 | D:2      | Found a hide-covered altar of Uskayaw.
  3479 | D:3      | Found a shadowy altar of Dithmenos.
  3485 | D:3      | Became a worshipper of Dithmenos the Shadowed
  3781 | D:3      | Noticed an ogre
  3944 | D:3      | Killed an ogre
  3944 | D:3      | Reached skill level 4 in Spellcasting
  3944 | D:3      | Reached XP level 5. HP: 20/35 MP: 1/11
  4609 | D:4      | Found a white marble altar of Elyvilon.
  4836 | D:4      | Reached skill level 1 in Translocations
  4836 | D:4      | Reached XP level 6. HP: 34/42 MP: 5/12
  4858 | D:4      | Slain by a gnoll

Skill      XL: |  1  2  3  4  5 |
---------------+----------------+-----
Conjurations   | 1 2 |  2.2
Dodging        | 3 |  3.0
Stealth        | 3 |  3.8
Spellcasting   | 4 |  4.2
Summonings     | 2 |  2.3
Translocations | 1 |  1.0
Fighting       | |  0.7
Air Magic      | |  0.4
Poison Magic   | |  0.7
Invocations    | |  0.7

Action                   |  1- 3 |  4- 6 || total
-------------------------+-------+-------++-------
Melee: Whip              |    59 |       ||    59
       Unarmed           |     5 |       ||     5
       Dagger            |    23 |   171 ||   194
 Cast: Magic Dart        |    52 |    51 ||   103
       Call Imp          |    13 |    12 ||    25
  Use: Scroll            |       |     7 ||     7
 Stab: Sleeping          |     2 |    10 ||    12
       Distracted        |       |     2 ||     2
  Eat: Chunk             |     5 |     8 ||    13
Armor: Robe              |    17 |    33 ||    50
Dodge: Dodged            |    69 |   146 ||   215
